 Dungeon Crawl Stone Soup version 0.32-a0-39-g5c88369fb2 (webtiles) character file.

Game seed: 9321741690039134852

177 AZSletch the Changeling (level 5, -1/39 HPs)
             Began as a Merfolk Shapeshifter on Feb 3, 2024.
             Slain by a kobold brigand
             ... wielding a +0 club
              (6 damage)
             ... on level 3 of the Dungeon.
             The game lasted 00:07:23 (2142 turns).

AZSletch the Changeling (Merfolk Shapeshifter)      Turns: 2142, Time: 00:07:24

Health: -1/39      AC:  4    Str: 17    XL:     5   Next: 57%
Magic:  5/5        EV: 13    Int:  9    God:
Gold:   79         SH:  0    Dex: 13    Spells: 4/4 levels left

rFire   . . .        r - +2 dagger (speed)
rCold   . . .        (no shield)
rNeg    . . .        n - +2 animal skin
rPois   .            (helmet currently unavailable)
rElec   .            (cloak currently unavailable)
rCorr   .            (gloves currently unavailable)
SInv    .            (boots currently unavailable)
Will    .....        (no amulet)
Stlth   +            (no ring)
HPRegen 0.26/turn    (no ring)
MPRegen 0.09/turn

%: no passive effects
@: lethally poisoned (-1 -> -5), beast-form
A: beast (slay +3), (nimble swimmer 2), mertail
a: Begin Untransformation


You were on level 3 of the Dungeon.
You were a hulking beast.
You visited 1 branch of the dungeon, and saw 3 of its levels.

You collected 79 gold pieces.

Inventory:

Hand Weapons
 r - a +2 dagger of speed (weapon)
Missiles
 o - 5 poisoned darts (quivered)
 s - 3 curare-tipped darts
Armour
 n - a +2 animal skin (worn)
Talismans
 c - a beast talisman
 d - a flux talisman
Scrolls
 e - a scroll of fear {unknown}
 f - a scroll of poison {unknown}
 h - 2 scrolls of enchant weapon {unknown}
 i - a scroll of vulnerability {unknown}
 j - 3 scrolls of identify {unknown}
 l - a scroll of noise {unknown}
 p - a scroll of amnesia {unknown}
Potions
 a - a potion of degeneration {unknown}
 b - 2 potions of lignification
 g - 3 potions of might {unknown}
 k - 2 potions of mutation {unknown}


   Skills:
 + Level 2.6 Fighting
 + Level 4.0 Dodging
 + Level 4.1 Unarmed Combat
 * Level 5.7 Shapeshifting


You had 4 spell levels left.
You didn't know any spells.
Your spell library contained the following spells:

 Spells                   Type           Power      Damage    Failure   Level
 Sandblast                Erth           0%         2d4       38%         1
 Ensorcelled Hibernation  Hex/Ice        0%         N/A       52%         2
 Passwall                 Erth           0%         N/A       77%         3
 Stone Arrow              Conj/Erth      0%         3d7       77%         3
 Swiftness                Air            0%         N/A       77%         3
 Brom's Barrelling Bould  Conj/Erth      0%         2d3       99%         4


Dungeon Overview and Level Annotations

Branches:
Dungeon (3/15)

Altars:


Innate Abilities, Weirdness & Mutations

You are a hulking beast.
Your limbs bulge with bestial killing power. (Slay +3)
((You are very nimble when in or above water. (Stealth+, EV+, Speed+++)))
Your lower body shifts to a powerful aquatic tail in water.


Message History

Throw: 8 darts (poison)
Press: ? - help, Q - select action, (/) - cycle Shift-Dir - straight line, f/p - kobold brigand
Aim: a kobold brigand, wielding a +0 club and quivering poisoned darts (very poisoned, 51% to hit)
You throw a poisoned dart.
The poisoned dart hits the kobold brigand.
The kobold brigand looks even sicker.
You feel sick.
Throw: 7 darts (poison)
Press: ? - help, Q - select action, (/) - cycle Shift-Dir - straight line, f/p - kobold brigand
Aim: a kobold brigand, wielding a +0 club and quivering poisoned darts (very poisoned, 51% to hit)
You throw a poisoned dart.
The poisoned dart hits the kobold brigand.
You feel sick.
The kobold brigand throws a poisoned dart.
The poisoned dart hits you!
You are more poisoned.
Throw: 6 darts (poison)
Press: ? - help, Q - select action, (/) - cycle Shift-Dir - straight line, f/p - kobold brigand
Aim: a kobold brigand, wielding a +0 club and quivering poisoned darts (lightly wounded, very poisoned, 53% to hit)
You throw a poisoned dart.
The poisoned dart hits the kobold brigand.
The kobold brigand is lightly wounded.
You feel very sick.
You feel sick.
The kobold brigand hits you with a +0 club.
* * * LOW HITPOINT WARNING * * *
You barely miss the kobold brigand.
The kobold brigand is lightly wounded.
* * * LOW HITPOINT WARNING * * *
You feel sick.
You hit the kobold brigand but do no damage.
The kobold brigand is lightly wounded.
* * * LOW HITPOINT WARNING * * *
You feel sick. The kobold brigand misses you.
You hit the kobold brigand.
The kobold brigand is moderately wounded.
* * * LOW HITPOINT WARNING * * *
You feel sick.
The kobold brigand hits you with a +0 club.
You die...

.....##.....#..#≈~~~..#
...###....#.#..##≈~~..#
....#.....#.##(.#~~~#.#
...........###..#~~##.#
.....###.# #.(#~###.###
....####.###.(#~#.....#
...#...))#~#.(###.....#
.......)..~##.K##.....#
..........~~#.h##.....#
..........~≈##).#.....#
....<....~~≈≈#).#.....#
.........~~≈≈#..#.....#
.........~~≈≈#..#.....#
###.......~≈##..#.....#
#........~~#..########
#.........~#..#
#.........##..###


You could see a kobold brigand (very poisoned).

Vanquished Creatures
  A kobold brigand (D:3)
  Robin (D:2)
  2 adders
  A ribbon worm (D:2)
  2 dart slugs
  4 ball pythons
  2 bats
  3 endoplasms
  6 giant cockroaches
  12 goblins
  9 hobgoblins
  6 jackals
  10 kobolds
  3 quokkas (D:1)
  A frilled lizard (D:1)
  3 rats
66 creatures vanquished.

Notes
Turn   | Place    | Note
-------+----------+-------------------------------------------
     0 | D:1      | AZSletch the Merfolk Shapeshifter began the quest for the
                  | Orb.
     0 | D:1      | Reached XP level 1. HP: 15/15 MP: 1/1
   281 | D:1      | Reached XP level 2. HP: 16/21 MP: 2/2
   687 | D:1      | Reached XP level 3. HP: 24/27 MP: 3/3
  1147 | D:2      | Noticed Robin
  1189 | D:2      | Killed Robin
  1420 | D:2      | Reached XP level 4. HP: 22/30 MP: 4/4
  1445 | D:2      | Reached skill level 5 in Shapeshifting
  1836 | D:3      | Found a faded altar of an unknown god.
  1985 | D:3      | Noticed a kobold brigand
  2003 | D:3      | Noticed a kobold brigand
  2125 | D:3      | Killed a kobold brigand
  2126 | D:3      | Reached XP level 5. HP: 22/39 MP: 5/5
  2142 | D:3      | Slain by a kobold brigand

Illustrated notes

Levels and vault maps discovered:
D:1:      dpeg_arrival_water_fire, layout_loops_corners
D:2:      layout_rooms, uniq_robin
D:3:      cheibrodos_thug_alley, layout_rooms, ebering_ecumenical_altar_ruins,
          minmay_misc_feat_chi

Skill      XL: |  1  2  3  4 |
---------------+-------------+-----
Dodging        | 3 4 |  4.0
Fighting       | 2 |  2.6
Shapeshifting  | 5 |  5.7
Unarmed Combat | 4 |  4.1

Action                     |  1- 3 |  4- 6 || total
---------------------------+-------+-------++-------
  Melee: Unarmed           |    79 |       ||    79
         Punch             |     2 |     2 ||     4
         Short sword       |     5 |       ||     5
         Dagger            |     8 |    66 ||    74
  Throw: Dart              |       |     8 ||     8
 Armour: Animal skin       |    53 |    28 ||    81
  Dodge: Dodged            |    79 |    39 ||   118

Table legend: (Time is in decaauts)
 A = Elapsed time spent in this place.
 B = Non-inter-level travel time spent in this place.
 C = Inter-level travel time spent in this place.
 D = Time resting spent in this place.
 E = Time spent auto-exploring this place.
 F = Levels seen in this place.
 G = Mean time per level.
                   A        B        C        D        E       F      G
               +--------+--------+--------+--------+--------+-----+--------+
         Total |   2126 |   2090 |     36 |    165 |   1399 |   3 |  708.7 |
       Dungeon |   2126 |   2090 |     36 |    165 |   1399 |   3 |  708.7 |
               +--------+--------+--------+--------+--------+-----+--------+

Top non-repeatable levels by time:
     D:1: 1187 daAuts
     D:2: 621 daAuts
     D:3: 317 daAuts
